[Event "Early-Titled-Tuesday-Blitz-February-06-2024"]
[Site "Chess.com"]
[Date "2024.02.06"]
[Round "11"]
[White "jefferyx"]
[Black "SahibSinghKnight"]
[Result "1-0"]
[WhiteElo "2980"]
[BlackElo "2638"]
[TimeControl "180+1"]
[EndTime "10:05:28 PST"]
[Termination "jefferyx won on time"]

1. e4 e6 2. d4 d5 3. e5 c5 4. c3 Qb6 5. Nf3 Nc6 6. Be2 Nh6 7. Bxh6 gxh6 8. Qd2 Rg8 9. O-O Bd7 10. dxc5 Bxc5 11. b4 Be7 12. Qxh6 O-O-O 13. Nbd2 Rg6 14. Qxh7 Rdg8 15.
g3 R8g7 16. Qh3 f6 17. Bd3 f5 18. a3 Rg4 19. c4 f4 20. Kg2 Qd8 21. Rac1 Kb8 22. Rfe1 Bh4 23. cxd5 exd5 24. e6 fxg3 25. hxg3 Bc8 26. b5 Bxg3 27. bxc6 Bf4+ 28. Kf1 bxc6 29.
Rxc6 Qe8 30. Rb1+ Bb7 31. Rxb7+ Kxb7 32. Bb5 Qe7 33. Nb3 1-0

[Event "Early-Titled-Tuesday-Blitz-February-06-2024"]
[Site "Chess.com"]
[Date "2024.02.06"]
[Round "11"]
[White "Attacker_2006"]
[Black "NMJeevanK"]
[Result "1/2-1/2"]
[WhiteElo "2490"]
[BlackElo "2592"]
[TimeControl "180+1"]
[EndTime "10:05:28 PST"]
[Termination "Game drawn by repetition"]

1. e4 g6 2. Nf3 d6 3. h4 Nf6 4.
Nc3 Bg7 5. d4 O-O 6. h5 Nxh5 7.
Rxh5 gxh5 8. Bc4 Bg4 9. Qd3 Nc6 10. Be3 e5 11. d5 Na5 12. O-O-O a6 13. Rh1 b5 14.
Bb3 Qf6 15. Nh4 Bh6 16. f3 Bd7 17. Nd1 Kh8 18. Kb1 Rg8 19. Bf2 Nxb3 20. axb3 a5 21.
Ne3 a4 22. b4 Bf4 23. Nhf5 Bxf5 24. Nxf5 Rxg2 25. Bh4 Qg6 26. Qf1 h6 27. Ne7 Qg7 28.
Nf5 Qg6 29. Ne7 Qg7 30. Nf5 Qg6 1/2-1/2

[Event "Early-Titled-Tuesday-Blitz-February-06-2024"]
[Site "Chess.com"]
[Date "2024.02.06"]
[Round "11"]
[White "KanalSzachowy"]
[Black "JaackCamel"]
[Result "0-1"]
[WhiteElo "2361"]
[BlackElo "2194"]
[TimeControl "180+1"]
[EndTime "10:05:29 PST"]
[Termination "JaackCamel won by checkmate"]

1. e4 e6 2. d4 d5 3. Nc3 Bb4 4. Qd3 dxe4 5. Qxe4 Nf6 6. Qh4 Be7 7. Nf3 b6 8. Bd3 Ba6 9. Be4 c6 10. Ne5 Nxe4 11. Qxe4 Qc8 12. Qg4 Bf6 13. Bf4 Nd7 14.
O-O-O Qb7 15. Qf3 Rc8 16. g4 O-O 17. Ne4 Bxe5 18. dxe5 c5 19. Rd3 Kh8 20. Rd6 c4 21. Be3 Nxe5 22. Qf4 Ng6 23. Qf3 c3 24. b3 Bb5 25.
Rhd1 Bc6 26. R1d4 e5 27. Rxc6 exd4 28. Nd6 Qxc6 29. Nxc8 Qxf3 30. Ne7 Qh1# 0-1

[Event "Early-Titled-Tuesday-Blitz-February-06-2024"]
[Site "Chess.com"]
[Date "2024.02.06"]
[Round "11"]
[White "Casper"]
[Black "SaqoChess_Twitch"]
[Result "0-1"]
[WhiteElo "2531"]
[BlackElo "2624"]
[TimeControl "180+1"]
[EndTime "10:05:35 PST"]
[Termination "SaqoChess_Twitch won on time"]

1. Nf3 d5 2. b3 e6 3. Bb2 Nf6 4. e3 Be7 5. c4 O-O 6. Nc3 c5 7. d4 cxd4 8. Nxd4 dxc4 9. Bxc4 Nc6 10. Nxc6 bxc6 11. O-O Nd5 12. Ne4 a5 13. Qd4 f6 14.
Rfd1 e5 15. Bxd5+ cxd5 16. Qxd5+ Qxd5 17. Rxd5 Bb7 18. Rd7 Bxe4 19. Rxe7 Rf7 20. Rxf7 Kxf7 21.
f3 Bd5 22. e4 Be6 23. Kf2 a4 24. b4 a3 25. Bc1 Ra4 26. b5 Ke7 27. b6 Kd7 28.
Rb1 Kc8 29. Rb5 Bxa2 30. Rc5+ Kb7 31. Rc3 Be6 32. Bxa3 Kxb6 33. Bf8 Ra2+ 34. Kg3 g5 35. Bg7 h5 36. h3 f5 37. exf5 Bxf5 38. Bxe5 Ra4 39. Bf6 g4 40. fxg4 hxg4 41. h4 Ra2 42.
h5 Be4 43. Kh4 Rxg2 44. h6 Bf3 45. h7 Rh2+ 46. Kg3 Rxh7 47. Bg5 Rh3+ 48. Kf4 Kb5 49. Rc1 Kb4 50. Rg1 Kc4 51. Rxg4 Bxg4 52. Kxg4 Rh1 53. Kf5 Kd5 54. Bf4 Rf1 55. Kg4 Ke4 56.
Bg3 Rg1 57. Kh3 Kf3 58. Bh2 Rh1 0-1

[Event "Early-Titled-Tuesday-Blitz-February-06-2024"]
[Site "Chess.com"]
[Date "2024.02.06"]
[Round "11"]
[White "cthake"]
[Black "LeoWin2012"]
[Result "0-1"]
[WhiteElo "1808"]
[BlackElo "2144"]
[TimeControl "180+1"]
[EndTime "10:05:36 PST"]
[Termination "LeoWin2012 won by resignation"]

1. e4 e6 2. b3 d6 3. Bb2 a6 4. g3 h6 5. Bg2 b6 6. Ne2 Bb7 7.
O-O Nd7 8. d3 Ngf6 9. h3 Be7 10.
f4 O-O 11. Kh2 Rb8 12. Nd2 a5 13. Nf3 Re8 14. g4 e5 15. f5 d5 16. Nxe5 Nxe5 17. Bxe5 Bd6 18. Bg3 dxe4 19. dxe4 Nxe4 20. Bxd6 Nxd6 21.
Nf4 Bxg2 22. Kxg2 Qd7 23. Qf3 Ne4 24. Rad1 Qc6 25. c4 Qc5 26. Nd5 Qa3 27. Nc3 Nxc3 28.
Qxc3 Re2+ 29. Rf2 Qxa2 30. Rd2 Qxd2 31. Qxd2 Rxd2 32. Rxd2 b5 33. c5 a4 34. bxa4 bxa4 35. Ra2 Ra8 36. Kf3 c6 37. Ke4 Kf8 38. Kd4 Ke7 39. Kc4 Kf6 40. h4 Ke5 41. Re2+ Kf4 42. Rg2 Kf3 43. Rg1 a3 44. g5 hxg5 45. hxg5 a2 46. Ra1 Kf4 47. f6 g6 48. Kb3 Kxg5 49.
Rxa2 Rxa2 50. Kxa2 Kxf6 0-1

[Event "Early-Titled-Tuesday-Blitz-February-06-2024"]
[Site "Chess.com"]
[Date "2024.02.06"]
[Round "11"]
[White "Baby_Legs"]
[Black "kleopl"]
[Result "1-0"]
[WhiteElo "2634"]
[BlackElo "2536"]
[TimeControl "180+1"]
[EndTime "10:05:41 PST"]
[Termination "Baby_Legs won on time"]

1. d4 Nf6 2. Bg5 c5 3. Bxf6 gxf6 4. d5 Qb6 5. Qc1 d6 6. c4 f5 7. Nc3 Bg7 8. e3 O-O 9. Nge2 e6 10. Nf4 Na6 11.
Be2 Nc7 12. O-O a6 13. Qc2 Bd7 14. Rad1 Rad8 15. Kh1 Kh8 16. Nh5 Rg8 17. f4 Bc8 18. Nxg7 Rxg7 19. Bf3 Rdg8 20. b3 Ne8 21. Qb2 Qd8 22.
Na4 Bd7 23. dxe6 fxe6 24. Bxb7 Bxa4 25. bxa4 Qf6 26. Qxf6 Nxf6 27. Bf3 Ne8 28. Rb1 e5 29. Bd5 Rf8 30. Rb8 Rg6 31. Rfb1 Kg7 32. R1b7+ Kh6 33. g3 Rgf6 34. Rb6 exf4 35. exf4 Kg7 36. Kg2 h5 37.
Rxa6 h4 38. Ra7+ Kh6 39. Raa8 hxg3 40. hxg3 1-0

[Event "Early-Titled-Tuesday-Blitz-February-06-2024"]
[Site "Chess.com"]
[Date "2024.02.06"]
[Round "11"]
[White "Ducke13"]
[Black "FMStan15"]
[Result "1-0"]
[WhiteElo "2282"]
[BlackElo "2038"]
[TimeControl "180+1"]
[EndTime "10:05:41 PST"]
[Termination "Ducke13 won by checkmate"]

1. d4 Nf6 2. g3 d6 3. Bg2 g6 4. e4 Bg7 5. Ne2 O-O 6. O-O Nbd7 7.
Nbc3 e5 8. h3 c6 9. a4 Qe7 10.
a5 Ne8 11. a6 bxa6 12. Be3 Nb6 13. b3 f5 14. exf5 Bxf5 15. g4 Bd7 16. Rxa6 d5 17. dxe5 Nc7 18. Ra5 Bxe5 19. Qd2 Ne6 20. Rfa1 Qf6 21. Rxa7 Rxa7 22. Rxa7 d4 23. Ne4 Qg7 24.
Bh6 Bf4 25. Bxf4 Nxf4 26. Nxf4 Qh6 27. g5 Qh4 28. Nf6+ Rxf6 29. gxf6 Qxf6 30. Rb7 Qd8 31. Qxd4 Qc8 32. Rxb6 Bf5 33. Qb4 Kg7 34. Rb7+ Kh6 35. Rb8 Qd7 36. h4 Qd1+ 37. Kh2 Qg4 38. Qf8# 1-0

[Event "Early-Titled-Tuesday-Blitz-February-06-2024"]
[Site "Chess.com"]
[Date "2024.02.06"]
[Round "11"]
[White "dianamirza"]
[Black "Canal_Showdrez"]
[Result "0-1"]
[WhiteElo "1943"]
[BlackElo "2037"]
[TimeControl "180+1"]
[EndTime "10:05:41 PST"]
[Termination "Canal_Showdrez won by resignation"]

1. d4 Nf6 2. Nf3 g6 3. c4 Bg7 4. Nc3 O-O 5. e4 d6 6. h3 e5 7. d5 a5 8. Be3 Na6 9. Qd2 Nd7 10. g4 Ndc5 11. Be2 Kh8 12. O-O-O Nb4 13. Kb1 a4 14. h4 a3 15. b3 f5 16. gxf5 gxf5 17. Bg5 Qe8 18.
Bh6 Bxh6 19. Qxh6 fxe4 20. Rdg1 Qf7 21. Ng5 Qg6 22. Ngxe4 Qxh6 23. Nxc5 dxc5 24. Rg5 Bf5+ 25. Kc1 Qf6 26. Rhg1 Rad8 27. Nb5 Rd7 28. Nxa3 Nxa2+ 29. Kb2 Nb4 30. Nb5 Nd3+ 31. Kc3 e4+ 32. Kd2 Nxf2 33.
Rf1 Nh3 34. Rgxf5 Qxf5 35. Rxf5 Rxf5 36. Bg4 Rf2+ 37. Ke3 Rdf7 38. Bxh3 R2f3+ 39. Kxe4 Rxh3 40. Ke5 Rxb3 41. Ke6 Rg7 42. Nxc7 Rxc7 43. d6 Rg7 44. d7 Re3+ 45. Kd6 Rd3+ 46. Kc7 Rdxd7+ 47. Kb6 Rd4 48. Kxc5 Rxh4 49. Kb6 Rgg4 50. c5 Rc4 51. Kxb7 Rxc5 52. Kb6 Rc2 0-1

[Event "Early-Titled-Tuesday-Blitz-February-06-2024"]
[Site "Chess.com"]
[Date "2024.02.06"]
[Round "11"]
[White "AniJak"]
[Black "yuriydovzik"]
[Result "1-0"]
[WhiteElo "2351"]
[BlackElo "2205"]
[TimeControl "180+1"]
[EndTime "10:05:42 PST"]
[Termination "AniJak won on time"]

1. e4 b6 2. d4 e6 3. c4 Ne7 4. d5 Ng6 5. Nc3 Be7 6. Nf3 O-O 7. Bd3 Na6 8. O-O Nc5 9. Bc2 a5 10. e5 Ba6 11. b3 exd5 12. Nxd5 Re8 13. Nxe7+ Qxe7 14. Bg5 Qf8 15. Re1 Bb7 16. Bxg6 hxg6 17. Nd4 Ne6 18.
Nxe6 dxe6 19. Qg4 f6 20. Bf4 Qf7 21. Re3 g5 22. Bg3 Rad8 23. Rae1 c5 24. exf6 gxf6 25. h4 Rd4 26. Qh3 g4 27. Qh2 e5 28. h5 Kh7 29. Qh4 Rg8 30. Bxe5 fxe5 31. Rxe5 g3 32.
Re7 Rxh4 33. Rxf7+ 1-0

[Event "Early-Titled-Tuesday-Blitz-February-06-2024"]
[Site "Chess.com"]
[Date "2024.02.06"]
[Round "11"]
[White "NikitaShnadrygin"]
[Black "Asteroxylon"]
[Result "0-1"]
[WhiteElo "2632"]
[BlackElo "2387"]
[TimeControl "180+1"]
[EndTime "10:05:43 PST"]
[Termination "Asteroxylon won on time"]

1. e4 e6 2. d4 d5 3. Nd2 Nc6 4. Ngf3 Nf6 5. e5 Nd7 6. Bd3 Nb4 7. Be2 c5 8. c3 Nc6 9. O-O cxd4 10. cxd4 f6 11.
exf6 Nxf6 12. Bd3 Bd6 13. Re1 O-O 14. Nf1 Bd7 15. Ng3 Qb6 16. a3 a5 17. Bg5 Rae8 18. Qc2 Kh8 19. Rad1 h6 20. Bxf6 Rxf6 21. Nh5 Rxf3 22.
gxf3 Nxd4 23. Qc3 e5 24. Kh1 Rf8 25. f4 Bg4 26. fxe5 Bf3+ 27. Kg1 Bc5 28. Bf1 Bxd1 0-1

[Event "Early-Titled-Tuesday-Blitz-February-06-2024"]
[Site "Chess.com"]
[Date "2024.02.06"]
[Round "11"]
[White "Ramla2020"]
[Black "Ariadna_Atreides"]
[Result "1/2-1/2"]
[WhiteElo "2432"]
[BlackElo "2158"]
[TimeControl "180+1"]
[EndTime "10:05:43 PST"]
[Termination "Game drawn by repetition"]

1. c4 e5 2. g3 c6 3. d4 e4 4. d5 f5 5. Bg2 Nf6 6. f3 cxd5 7. cxd5 Bb4+ 8. Bd2 Bxd2+ 9. Qxd2 O-O 10. Nc3 Re8 11. fxe4 Nxe4 12. Nxe4 fxe4 13. e3 Qf6 14. Ne2 b6 15.
Qd4 Qf5 16. Rf1 Qh5 17. h3 Ba6 18. g4 Qg6 19. Rf4 d6 20. Nc3 Nd7 21. Bxe4 Qh6 22. Bg2 Qh4+ 23. Kd2 Ne5 24. Bf1 Bxf1 25. Raxf1 Rac8 26.
b3 Qxh3 27. Ne4 Qg2+ 28. R1f2 Qg1 29. Rf1 Qg2+ 30. R1f2 Qg1 31. Rf1 Qg2+ 1/2-1/2

[Event "Early-Titled-Tuesday-Blitz-February-06-2024"]
[Site "Chess.com"]
[Date "2024.02.06"]
[Round "11"]
[White "lynette2015"]
[Black "maurovargas01"]
[Result "1-0"]
[WhiteElo "2175"]
[BlackElo "1886"]
[TimeControl "180+1"]
[EndTime "10:05:44 PST"]
[Termination "lynette2015 won on time"]

1. Nf3 Nc6 2. d4 d5 3. g3 g6 4. Bg2 Bg7 5. O-O Bg4 6. h3 Bxf3 7. Bxf3 Bxd4 8. c3 Bg7 9. Bxd5 Nf6 10. Bxc6+ bxc6 11. Qxd8+ Rxd8 12. Bf4 Rd7 13. Na3 Nd5 14. Bd2 O-O 15. e4 Nf6 16. Be3 Nxe4 17. Bxa7 Ra8 18.
Bd4 e5 19. Be3 Nxc3 20. bxc3 Rxa3 21. Rfd1 Rxd1+ 22. Rxd1 h5 23. c4 Rxa2 24. Rd8+ Kh7 25. Rd7 Kg8 26. Rxc7 Ra6 27. Rc8+ Kh7 28. Rc7 Kg8 29.
Kg2 Bf6 30. g4 hxg4 31. hxg4 Kg7 32. Kf3 Bd8 33. Rc8 Ba5 34. g5 Bc3 35. Ke4 Kh7 36. Bc5 Ba1 37. Be7 Ra4 38. Rxc6 1-0

[Event "Early-Titled-Tuesday-Blitz-February-06-2024"]
[Site "Chess.com"]
[Date "2024.02.06"]
[Round "11"]
[White "DenLaz"]
[Black "vovachesss"]
[Result "1-0"]
[WhiteElo "3050"]
[BlackElo "2829"]
[TimeControl "180+1"]
[EndTime "10:05:45 PST"]
[Termination "DenLaz won by resignation"]

1. d4 d6 2. Nf3 Nf6 3. c4 g6 4. g3 Bg7 5. Bg2 O-O 6. Nc3 Bf5 7. Nh4 Bc8 8. O-O Nc6 9. Nf3 Bf5 10. Ne1 e5 11. d5 Ne7 12. e4 Bd7 13. Nd3 b6 14. h3 c5 15. Be3 Ne8 16. Qd2 f5 17. f4 exf4 18. Bxf4 fxe4 19. Nxe4 Nf5 20. Rae1 b5 21.
b3 a5 22. g4 Nh4 23. Bg5 Nf6 24. Rxf6 Rxf6 25. Bxh4 Rf1+ 26. Rxf1 Qxh4 27. Qg5 Bd4+ 28.
Kh1 Qxg5 29. Nxg5 bxc4 30. bxc4 Rb8 31. Ne6 Bc3 32. Be4 a4 33. Kg2 a3 34. h4 Ba4 35.
h5 Bb3 36. axb3 a2 37. hxg6 hxg6 38. Bxg6 a1=Q 39. Rxa1 Bxa1 40. Nc7 Rxb3 41. Nb5 Kg7 42. Bf5 Be5 43. Nxe5 dxe5 44. d6 Kf6 45. d7 Ke7 46.
Nd6 Rb8 47. Ne4 Rb4 48. Nxc5 Rxc4 49. Nb7 Rd4 50. d8=Q+ Rxd8 51. Nxd8 Kxd8 52. Kf3 Ke7 53.
g5 1-0

[Event "Early-Titled-Tuesday-Blitz-February-06-2024"]
[Site "Chess.com"]
[Date "2024.02.06"]
[Round "11"]
[White "Genghis_K"]
[Black "Akewjon"]
[Result "0-1"]
[WhiteElo "2895"]
[BlackElo "2785"]
[TimeControl "180+1"]
[EndTime "10:05:45 PST"]
[Termination "Akewjon won on time"]

1. e4 e5 2. Nf3 Nc6 3. d4 exd4 4. Nxd4 Nf6 5. Nxc6 bxc6 6. Bd3 d5 7. exd5 cxd5 8.
O-O Be7 9. c4 O-O 10. Nc3 c6 11.
cxd5 cxd5 12. Be3 Be6 13. Bd4 h6 14. Re1 Rb8 15. Ne2 Ne4 16. Nf4 Nc5 17. Nh5 Rb4 18.
Bc3 Rg4 19. Rxe6 Rxg2+ 20. Kxg2 Nxe6 21. Qg4 d4 22. Bd2 Qd5+ 23. Be4 Qb5 24. Bxh6 f5 25.
Qg6 fxe4 26. Qxe6+ Rf7 27. Nxg7 Qe2 28. Rf1 Qf3+ 29.
Kg1 Kh7 30. Ne8 Bh4 0-1

[Event "Early-Titled-Tuesday-Blitz-February-06-2024"]
[Site "Chess.com"]
[Date "2024.02.06"]
[Round "11"]
[White "ri4mi"]
[Black "mjray79"]
[Result "0-1"]
[WhiteElo "2555"]
[BlackElo "2713"]
[TimeControl "180+1"]
[EndTime "10:05:45 PST"]
[Termination "mjray79 won on time"]

1. e4 c5 2. Nc3 Nc6 3. Nf3 Nf6 4. d4 cxd4 5. Nxd4 d6 6. Bc4 Qb6 7. Nb3 e6 8. O-O a6 9. a4 Be7 10. a5 Qc7 11. Be3 Bd7 12. Bb6 Qc8 13. f4 O-O 14. Bd3 Nb4 15. e5 dxe5 16. fxe5 Nfd5 17. Nxd5 exd5 18. Kh1 Nxd3 19. Qxd3 Bb5 20. Qxd5 Bxf1 21. Rxf1 Qxc2 22. Nd4 Qd3 23. Rg1 Bg5 24. e6 Bf6 25.
exf7+ Kh8 26. Qc5 Rac8 27. Qb4 Rxf7 28. Nf3 Re7 29. h3 Re2 30. Qg4 Rce8 31. Ng5 Bxg5 32.
Qxg5 Rxb2 33. Qh5 Qg6 34. Qc5 Rb3 35. Qc7 Qc6 36. Qxc6 bxc6 37. Rc1 Rc8 38. Rc5 Rb5 39. Rc4 c5 40. Re4 c4 41. Bc7 Kg8 42. Be5 c3 43.
Rh4 Rxe5 0-1

[Event "Early-Titled-Tuesday-Blitz-February-06-2024"]
[Site "Chess.com"]
[Date "2024.02.06"]
[Round "11"]
[White "GMRAVEN_ON_YOUTUBE"]
[Black "AldokhinIvan"]
[Result "1-0"]
[WhiteElo "2767"]
[BlackElo "2622"]
[TimeControl "180+1"]
[EndTime "10:05:49 PST"]
[Termination "GMRAVEN_ON_YOUTUBE won on time"]

1. f4 d5 2. Nf3 Nf6 3. e3 Bf5 4. Nc3 e6 5. d3 c5 6. Qe2 Nc6 7. h3 h5 8. e4 Bg6 9. f5 Bh7 10. fxe6 fxe6 11. exd5 Nd4 12. Nxd4 cxd4 13. Qxe6+ Be7 14. Nb5 Bg8 15. Qe5 Qa5+ 16. Bd2 Qxb5 17. Qxd4 Qxd5 18. Qe3 O-O-O 19. Be2 Bc5 20. Qg3 Re8 21.
Kd1 Bd4 22. c3 Be5 23. Qf2 Kb8 24. Kc2 Bh7 25. Rad1 Rhf8 26. Qh4 Bxc3 27. Bxc3 Rxe2+ 28. Kb1 Bg8 29. Qa4 Rc8 30. Rc1 Qxg2 31. Rhg1 Qd5 32. Rxg7 Qxd3+ 33. Ka1 Ka8 34. Rcg1 Qd5 35. Bxf6 Qe6 36.
Re7 1-0

[Event "Early-Titled-Tuesday-Blitz-February-06-2024"]
[Site "Chess.com"]
[Date "2024.02.06"]
[Round "11"]
[White "jcibarra"]
[Black "carokannlover213"]
[Result "1-0"]
[WhiteElo "2895"]
[BlackElo "2765"]
[TimeControl "180+1"]
[EndTime "10:05:50 PST"]
[Termination "jcibarra won on time"]

1. e4 e6 2. d4 d5 3. Nc3 Nf6 4. Bg5 h6 5. Bxf6 Qxf6 6. a3 c6 7. Nf3 Nd7 8. Bd3 Qd8 9. O-O dxe4 10. Nxe4 Be7 11. c4 Nf6 12. Nc3 O-O 13. Re1 c5 14. dxc5 Bxc5 15. b4 Be7 16. Qe2 Bd7 17.
Ne5 Qc7 18. Rad1 Rad8 19. c5 a6 20. Rc1 Bc6 21. Bb1 Rd4 22. h3 Rfd8 23. Qe3 Nh5 24. Nxf7 Kxf7 25. Qxe6+ Kf8 26. Bg6 Be8 27. Bxe8 Rxe8 28. Nd5 Qd8 29. Qf5+ Nf6 30. Nf4 Rxf4 31. Qxf4 Kf7 32. Qc4+ Qd5 33. c6 bxc6 34. Qxc6 Qxc6 35.
Rxc6 Ra8 36. Rc7 Ng8 37. Re5 Ke8 38. Ra5 Nf6 39. Rc6 Rd8 40. g3 Rd1+ 41. Kg2 Rd2 42. Re6 Kd7 43. Re3 Rd6 44. b5 axb5 45. Ra7+ 1-0

[Event "Early-Titled-Tuesday-Blitz-February-06-2024"]
[Site "Chess.com"]
[Date "2024.02.06"]
[Round "11"]
[White "mary-sanna"]
[Black "N_I_Chess"]
[Result "0-1"]
[WhiteElo "2189"]
[BlackElo "2332"]
[TimeControl "180+1"]
[EndTime "10:05:50 PST"]
[Termination "N_I_Chess won on time"]

1. d4 Nf6 2. c4 e6 3. Nf3 Bb4+ 4. Bd2 Qe7 5. a3 Bxd2+ 6. Qxd2 O-O 7. Nc3 d6 8. e4 e5 9. d5 a5 10. Bd3 Bg4 11.
Qe3 Nbd7 12. h3 Bh5 13. g4 Bg6 14. Bc2 Nc5 15. Nd2 a4 16. f3 c6 17. h4 cxd5 18. cxd5 h5 19. g5 Nfd7 20. b4 axb3 21. Nxb3 Rfc8 22.
Kd2 Nb6 23. Ke2 Nc4 24. Qc1 Qc7 25. Nxc5 Qxc5 26. Na4 Qa5 27. Qd1 b5 28. Rb1 Nxa3 29.
Rb3 Rxc2+ 0-1

[Event "Early-Titled-Tuesday-Blitz-February-06-2024"]
[Site "Chess.com"]
[Date "2024.02.06"]
[Round "11"]
[White "zverr1"]
[Black "Thunderbolt135"]
[Result "0-1"]
[WhiteElo "2565"]
[BlackElo "2701"]
[TimeControl "180+1"]
[EndTime "10:05:51 PST"]
[Termination "Thunderbolt135 won on time"]

1. e4 c5 2. Nf3 d6 3. Nc3 Nf6 4. e5 dxe5 5. Nxe5 Bd7 6. g3 Nc6 7. Nxd7 Qxd7 8. Bg2 g6 9. O-O Bg7 10. d3 O-O 11. Ne4 b6 12. Rb1 Rac8 13. Be3 Nd5 14.
Bd2 h6 15. Nc3 Nf6 16. Re1 e6 17. Qc1 Kh7 18. Ne4 Nxe4 19. Bxe4 Nd4 20. c3 Nc6 21. Qc2 Rfd8 22. Re3 Kg8 23. Rbe1 Ne5 24. h3 f5 25.
Bg2 Nxd3 26. R1e2 e5 27. c4 e4 28. Bc3 Nb4 29. Bxb4 cxb4 30. Qb3 Qd1+ 31. Kh2 Qxb3 32. axb3 Bd4 33. g4 Bxe3 34. Rxe3 Rd3 35. Re2 Rxb3 36. gxf5 gxf5 37. h4 Rxc4 38. Bh3 Rc5 39. Rd2 a5 40. Rd6 Rxb2 41. Rxh6 Rxf2+ 42. Kg3 Rf3+ 43. Kg2 Rc2+ 44.
Kg1 Rxh3 45. Rxb6 Rb3 0-1

[Event "Early-Titled-Tuesday-Blitz-February-06-2024"]
[Site "Chess.com"]
[Date "2024.02.06"]
[Round "11"]
[White "andrzej"]
[Black "Willi_Skibbe"]
[Result "1-0"]
[WhiteElo "2430"]
[BlackElo "2322"]
[TimeControl "180+1"]
[EndTime "10:05:51 PST"]
[Termination "andrzej won by checkmate"]

1. e4 e6 2. d4 d5 3. Nc3 Nf6 4.
e5 Nfd7 5. f4 c5 6. Nf3 Nc6 7.
Be3 a6 8. a3 b5 9. Bd3 Qb6 10.
O-O cxd4 11. Bf2 b4 12. Na4 Qa7 13. axb4 Bxb4 14. c3 Be7 15. b4 O-O 16. Nxd4 Nxd4 17. Bxd4 Qc7 18. Qh5 g6 19. Qh6 Bb7 20. Rae1 a5 21. b5 Nc5 22. Nxc5 Bxc5 23. Rf3 Bxd4+ 24. cxd4 a4 25. Rh3 f5 26. exf6 Rxf6 27. f5 exf5 28. Rhe3 Qg7 29. Qf4 g5 30. Re8+ Rxe8 31. Rxe8+ Rf8 32. Rxf8+ Qxf8 33. Qxg5+ Kh8 34. Bxf5 Qb4 35.
Qf6+ Kg8 36. Be6# 1-0

[Event "Early-Titled-Tuesday-Blitz-February-06-2024"]
[Site "Chess.com"]
[Date "2024.02.06"]
[Round "11"]
[White "FairChess_on_YouTube"]
[Black "Statham_01"]
[Result "1-0"]
[WhiteElo "3050"]
[BlackElo "2590"]
[TimeControl "180+1"]
[EndTime "10:05:52 PST"]
[Termination "FairChess_on_YouTube won by resignation"]

1. e4 e5 2. f4 d5 3. exd5 exf4 4.
Nf3 Nf6 5. Bc4 Nxd5 6. O-O Be6 7.
Bxd5 Qxd5 8. Nc3 Qh5 9. d4 Bd6 10. d5 Bg4 11. Qe1+ Kf8 12. Nb5 Nd7 13. Nxd6 cxd6 14.
Bxf4 Qxd5 15. Rd1 Qc5+ 16. Kh1 Ne5 17. Bxe5 dxe5 18. Nxe5 Re8 19. Rd7 Rxe5 20. Rdxf7+ Ke8 21. Qg3 Be6 22. Qxg7 Bxf7 23. Qxh8+ Kd7 24. Qxh7 Qf2 25.
Qd3+ Rd5 26. Rxf2 1-0

[Event "Early-Titled-Tuesday-Blitz-February-06-2024"]
[Site "Chess.com"]
[Date "2024.02.06"]
[Round "11"]
[White "Agibileg"]
[Black "Flameboard08"]
[Result "1-0"]
[WhiteElo "2746"]
[BlackElo "2573"]
[TimeControl "180+1"]
[EndTime "10:05:53 PST"]
[Termination "Agibileg won by checkmate"]

1. d4 b6 2. e4 Bb7 3. Bd3 e6 4. Ne2 c5 5. O-O cxd4 6. Nxd4 Nc6 7. Nxc6 Bxc6 8. c4 Bc5 9. Nc3 Ne7 10. Nd5 exd5 11. exd5 Bb7 12. Bg5 f6 13. Bf4 O-O 14. Qh5 f5 15. Rae1 Ng6 16. Bxf5 Nxf4 17. Qxh7+ Kf7 18.
Re4 Rh8 19. Be6+ dxe6 20. Rxf4+ Ke7 21. Qxg7+ Kd6 22. Re1 Re8 23. Rf7 Bc8 24. Qe5# 1-0

[Event "Early-Titled-Tuesday-Blitz-February-06-2024"]
[Site "Chess.com"]
[Date "2024.02.06"]
[Round "11"]
[White "Licancabur"]
[Black "secretsuperstar7"]
[Result "1-0"]
[WhiteElo "2421"]
[BlackElo "2514"]
[TimeControl "180+1"]
[EndTime "10:05:55 PST"]
[Termination "Licancabur won on time"]

1. d4 Nf6 2. Bg5 Ne4 3. Bf4 d5 4. f3 Nf6 5. e4 dxe4 6. Nc3 exf3 7. Nxf3 Bg4 8. h3 Bh5 9. g4 Bg6 10. Qe2 c6 11. O-O-O e6 12. Ne5 Nbd7 13. h4 Nd5 14.
Nxd5 cxd5 15. Bg2 Nxe5 16. Bxe5 Rc8 17. c3 Qa5 18. Kd2 Qb6 19. Ke1 h5 20. Bxd5 hxg4 21. Bb3 Qc6 22. d5 Qc5 23. dxe6 fxe6 24. Bxe6 1-0

[Event "Early-Titled-Tuesday-Blitz-February-06-2024"]
[Site "Chess.com"]
[Date "2024.02.06"]
[Round "11"]
[White "Evgeny81"]
[Black "Orest_Vovk"]
[Result "1-0"]
[WhiteElo "2713"]
[BlackElo "2579"]
[TimeControl "180+1"]
[EndTime "10:05:56 PST"]
[Termination "Evgeny81 won on time"]

1. e4 g5 2. d4 g4 3. Qxg4 d5 4. Qe2 dxe4 5. Qxe4 Nf6 6. Qd3 Nc6 7. Be3 Qd5 8. c4 Qa5+ 9. Nc3 Bf5 10. Qd2 e5 11. d5 O-O-O 12. Nf3 Bb4 13. a3 Ne4 14.
Qc1 Bxc3+ 15. bxc3 Nd4 16. Nxd4 exd4 17. Bxd4 Rhe8 18. Be2 Nc5 19. Kf1 Rxe2 20. Kxe2 Bd3+ 21. Kf3 Be4+ 22. Kg3 Rg8+ 23. Kh4 Bxg2 24. Qf4 Bxh1 25. Rxh1 Qb6 26. Qf5+ Kb8 27. Qf6 Qxf6+ 28. Bxf6 Ne4 29.
Bd4 f5 30. f3 Nd6 31. c5 Nb5 32. a4 Na3 33. Re1 Nc4 34. Re2 Rf8 35. Kg5 Kc8 36. Kh6 1-0

[Event "Early-Titled-Tuesday-Blitz-February-06-2024"]
[Site "Chess.com"]
[Date "2024.02.06"]
[Round "11"]
[White "Aradhya2000"]
[Black "KbzasDavid16"]
[Result "1-0"]
[WhiteElo "2704"]
[BlackElo "2569"]
[TimeControl "180+1"]
[EndTime "10:05:59 PST"]
[Termination "Aradhya2000 won by checkmate"]

1. d4 Nf6 2. c4 e6 3. Nf3 d5 4. Nc3 Be7 5. cxd5 exd5 6. Bf4 O-O 7. e3 c6 8. Bd3 Nbd7 9. h3 Re8 10. O-O Nf8 11. Ne5 N6d7 12. Nf3 Nf6 13. Bg3 Bd6 14. Ne5 Qe7 15. f4 N6d7 16. Bf2 f6 17. Nf3 b5 18. Rc1 Nb6 19. a4 b4 20. Nb1 c5 21.
Bb5 Bd7 22. Bxd7 Nbxd7 23. dxc5 Bxc5 24. Qxd5+ Kh8 25. Nd4 Rac8 26. Nf5 Qe6 27. Qxe6 Nxe6 28. Rfd1 Nb6 29. b3 Red8 30. g3 g6 31. Nd4 Nxd4 32.
exd4 Bxd4 33. Bxd4 Rxc1 34. Bxf6+ Kg8 35. Rxc1 Rd3 36. Kf2 Rxb3 37. Nd2 Rd3 38. Ne4 Nxa4 39. Rc7 Nb6 40. Ng5 Nd5 41. Rc8# 1-0

[Event "Early-Titled-Tuesday-Blitz-February-06-2024"]
[Site "Chess.com"]
[Date "2024.02.06"]
[Round "11"]
[White "Hilary46"]
[Black "stratacticos"]
[Result "1-0"]
[WhiteElo "2690"]
[BlackElo "2031"]
[TimeControl "180+1"]
[EndTime "10:05:59 PST"]
[Termination "Hilary46 won on time"]

1. e4 c5 2. Nf3 Nc6 3. d4 cxd4 4.
Nxd4 e5 5. Nb5 d6 6. c4 Be6 7. N1c3 a6 8. Na3 Nd4 9. Nc2 Nxc2+ 10. Qxc2 Rc8 11. Qa4+ Bd7 12. Qb3 Bc6 13. Be3 Nf6 14.
f3 Nd7 15. Rd1 Be7 16. Be2 O-O 17. O-O Kh8 18. Nd5 Bg5 19. Bf2 f5 20. exf5 Rxf5 21.
Bd3 Rf7 22. Be4 Nc5 23. Bxc5 dxc5 24. Nb6 Qc7 25. Nxc8 Qxc8 26. Bxc6 Qxc6 27. Rd5 h6 28. Rfd1 e4 29. fxe4 Qf6 30. Rf5 Qe6 31. Rxf7 Qxf7 32. Qd3 b5 33. cxb5 c4 34. Qd5 Qh5 35. bxa6 Qe2 36.
Kh1 Be3 37. e5 Qxb2 38. Qxc4 Qxe5 39. Rd8+ Kh7 40. Qc2+ 1-0